 Dungeon Crawl Stone Soup version 0.26-a0-712-ga5a9c9c9d0 (webtiles) character file.

Game seed: 15810384813398024323

91 Craquet the Vandal (level 4, 0/29 HPs)
             Began as a Halfling Hunter on Nov 13, 2020.
             Slain by a hobgoblin
             ... wielding a +0 club
             ... led by Robin
              (3 damage)
             ... on level 2 of the Dungeon.
             The game lasted 00:11:58 (2138 turns).

Craquet the Vandal (Halfling Hunter)                Turns: 2138, Time: 00:11:59

Health: 0/29       AC:  4    Str: 13    XL:     4   Next: 87%
Magic:  4/4        EV: 15    Int:  9    God:
Gold:   105        SH:  0    Dex: 15    Spells: 3/3 levels left

rFire    . . .     SeeInvis .   b - +0 short sword
rCold    . . .     Faith    .   (shield restricted)
rNeg     . . .     Spirit   .   c - +1 leather armour
rPois    .         Reflect  .   (no helmet)
rElec    .         Harm     .   (no cloak)
rCorr    .         Rampage  .   (no gloves)
MR       .....                  (no boots)
Stlth    ++........             (no amulet)
HPRegen  0.09/turn              (no ring)
MPRegen  0.09/turn              (no ring)

@: no status effects
A: small, mutation resistance 1
a: no special abilities


You were on level 2 of the Dungeon.
You visited 1 branch of the dungeon, and saw 2 of its levels.

You collected 105 gold pieces.

Inventory:

Hand Weapons
 a - a +1 hunting sling
 b - a +0 short sword (weapon)
 o - a +0 short sword
 q - a +2 vampiric dagger
Missiles
 d - 34 sling bullets
 m - a stone (quivered)
Armour
 c - a +1 leather armour (worn)
 f - a +0 robe
Jewellery
 e - a cursed ring of teleportation
Scrolls
 h - 3 scrolls of identify
 j - 2 scrolls of magic mapping {unknown}
 k - 2 scrolls of enchant armour
 l - a scroll of teleportation {unknown}
 p - 2 scrolls of remove curse {unknown}
Potions
 g - 2 potions of stabbing {unknown}
 i - 2 potions of curing {unknown}
 n - 2 potions of brilliance {unknown}


   Skills:
 - Level 1.7 Fighting
 + Level 6.6(6.9) Slings
 + Level 1.7(3.4) Throwing
 + Level 3.0 Dodging
 + Level 2.6 Stealth


You had 3 spell levels left.
You didn't know any spells.
Your spell library was empty.

Dungeon Overview and Level Annotations

Branches:
Dungeon (2/15)

Altars:

Annotations:
D:2 Robin


Innate Abilities, Weirdness & Mutations

You are small and have problems with some larger weapons.
You are somewhat resistant to further mutation.


Message History

The hobgoblin is lightly wounded.
The goblin misses you. The hobgoblin barely misses you.
The goblin barely misses you.
You hit the hobgoblin.
The hobgoblin is heavily wounded.
The hobgoblin misses you. The goblin misses you.
You closely miss the goblin. The goblin hits you.
* * * LOW HITPOINT WARNING * * *
The hobgoblin closely misses you.
You hit the goblin but do no damage. The goblin closely misses you.
The hobgoblin barely misses you.
You miss the goblin. The goblin barely misses you.
The hobgoblin barely misses you.
You barely miss the goblin. The goblin barely misses you.
The hobgoblin hits you with a +0 club.
* * * LOW HITPOINT WARNING * * *
You closely miss the goblin. The goblin hits you.
* * * LOW HITPOINT WARNING * * *
The hobgoblin hits you with a +0 club.
You die...

.......#.##....#..#.........###
.....g##.##..###..#####.##.##
.....# #.##g.###..# .# ## #...#
#..........# .# ##+#
#####)###### .# #..g# .# ###g#
#g# ## #@# #. #g# #. #.# #. ..#
.. ### #. #. ##


You could see Robin, a hobgoblin (strong) and 2 goblins.

Vanquished Creatures
  Jessica (D:2)
  A gnoll (D:2)
  An ooze (D:2)
  2 worms (D:2)
  2 bats (D:1)
  3 giant cockroaches
  11 goblins
  5 hobgoblins
  3 jackals (D:1)
  3 kobolds
  7 frilled lizards
  5 rats (D:1)
44 creatures vanquished.

Notes
Turn   | Place    | Note
-------+----------+-------------------------------------------
     0 | D:1      | Craquet the Halfling Hunter began the quest for the Orb.
     0 | D:1      | Reached XP level 1. HP: 14/14 MP: 1/1
    52 | D:1      | Reached XP level 2. HP: 14/19 MP: 2/2
   127 | D:1      | Reached skill level 6 in Slings
   621 | D:1      | Reached XP level 3. HP: 24/24 MP: 3/3
   626 | D:1      | Reached skill level 1 in Throwing
  1473 | D:2      | Reached XP level 4. HP: 29/29 MP: 4/4
  2004 | D:2      | Noticed Jessica
  2012 | D:2      | Killed Jessica
  2088 | D:2      | Noticed Robin
  2138 | D:2      | Slain by a hobgoblin

Illustrated notes

Levels and vault maps discovered:
D:1:      dpeg_arrival_simpleton_b, layout_loops_ring
D:2:      minmay_door_path, layout_loops_corners, uniq_crazy_yiuf_cottage,
          uniq_jessica, uniq_robin

Skill      XL: |  1  2  3  4 |
---------------+-------------+-----
Slings         | 6 |  6.6
Throwing       | 1 |  1.7
Stealth        | 2 |  2.6
Dodging        | 3 |  3.0
Fighting       | |  1.7

Action                   |  1- 3 |  4- 6 || total
-------------------------+-------+-------++-------
Melee: Short sword       |    26 |    38 ||    64
 Fire: Hunting sling     |    60 |    13 ||    73
Throw: Stone             |     2 |     3 ||     5
  Use: Scroll            |     1 |     1 ||     2
Armor: Leather armour    |     6 |     9 ||    15
Dodge: Dodged            |    23 |    30 ||    53

Table legend: (Time is in decaauts)
 A = Elapsed time spent in this place.
 B = Non-inter-level travel time spent in this place.
 C = Inter-level travel time spent in this place.
 D = Time resting spent in this place.
 E = Time spent auto-exploring this place.
 F = Levels seen in this place.
 G = Mean time per level.
                   A        B        C        D        E       F      G
               +--------+--------+--------+--------+--------+-----+--------+
         Total |   2132 |   2108 |     24 |    588 |    768 |   2 | 1066.0 |
       Dungeon |   2132 |   2108 |     24 |    588 |    768 |   2 | 1066.0 |
               +--------+--------+--------+--------+--------+-----+--------+

Top non-repeatable levels by time:
     D:2: 1273 daAuts
     D:1: 858 daAuts
